[Event "EWIBCC 2019"]
[Site "Monte-Carlo"]
[Date "2019.11.29"]
[Round "2.1"]
[White "Zhukova, Natalia"]
[Black "Kosteniuk, Alexandra"]
[Result "1/2-1/2"]
[ECO "A28"]
[WhiteElo "2323"]
[BlackElo "2483"]
[Annotator "RC"]
[PlyCount "89"]
[EventDate "2019.11.29"]
[EventType "swiss"]
[EventCountry "MNC"]
[SourceTitle "playchess.com"]
[Source "ChessBase"]
[SourceQuality "1"]
[TimeControl "180+2"]

1. c4 Nf6 2. Nc3 e5 3. Nf3 Nc6 4. e4 Bb4 5. d3 d6 6. Be2 h6 7. O-O O-O 8. Na4 a6 9. a3 Bc5 10. Nxc5 dxc5 11. b4 Qd6 12. bxc5 Qxc5 13. a4 Rd8 14. Ba3 Qa7 15. Qe1 Bg4 16. Nd2 Bxe2 17. Qxe2 Nd4 18. Qd1 Qb6 19. Kh1 Ne6 20. Rb1 Qc6 21. Nf3 Nd7 22. Qc1 Rab8 23. Rd1 Qxa4 24. Bb2 f6 25. d4 exd4 26. Nxd4 Nxd4 27. Bxd4 Qc6 28. f3 Nf8 29. c5 Ne6 30. Qc4 Kh7 31. Be3 b5 32. Qc2 Kg8 33. Ra1 Rxd1+ 34. Rxd1 Rd8 35. Ra1 Kf8 36. h3 Ke7 37. Bf2 Nf4 38. e5 fxe5 39. Bh4+ g5 40. Qh7+ Ke8 41. Qg8+ Ke7 42. Qg7+ Ke8 43. Qg8+ Ke7 44. Qg7+ Ke8 45. Qg8+ 1/2-1/2

[Event "EWIBCC 2019"]
[Site "Monte-Carlo"]
[Date "2019.11.29"]
[Round "2.3"]
[White "Sebag, Marie"]
[Black "Dornbusch, Tatiana"]
[Result "1-0"]
[ECO "B05"]
[WhiteElo "2443"]
[BlackElo "2269"]
[Annotator "NA"]
[PlyCount "49"]
[EventDate "2019.11.29"]
[EventType "swiss"]
[EventCountry "MNC"]
[SourceTitle "playchess.com"]
[Source "ChessBase"]
[SourceQuality "1"]
[TimeControl "180+2"]

1. e4 Nf6 2. e5 Nd5 3. d4 d6 4. Nf3 Nc6 5. c4 Nb6 6. exd6 exd6 7. Nc3 Be7 8. Be2 O-O 9. O-O Bg4 10. b3 Bf6 11. Be3 Re8 12. h3 Bh5 13. Rc1 d5 14. c5 Nc8 15. a3 N8e7 16. g4 Bg6 17. g5 Nf5 18. gxf6 Qxf6 19. Nxd5 Qd8 20. Bc4 Nxe3 21. fxe3 Be4 22. Nf4 Na5 23. Bd3 Bxd3 24. Qxd3 Nc6 25. Rce1 1-0

[Event "EWIBCC 2019"]
[Site "Monte-Carlo"]
[Date "2019.11.29"]
[Round "2.5"]
[White "Bensdorp-De Labaca, Marlies"]
[Black "Gaponenko, Inna"]
[Result "0-1"]
[ECO "E70"]
[WhiteElo "2228"]
[BlackElo "2427"]
[Annotator "ChessBase"]
[PlyCount "84"]
[EventDate "2019.11.29"]
[EventType "swiss"]
[EventCountry "MNC"]
[SourceTitle "playchess.com"]
[Source "ChessBase"]
[SourceQuality "1"]
[TimeControl "180+2"]

1. d4 g6 2. c4 Bg7 3. e4 d6 4. Nc3 e5 5. d5 Na6 6. Bd3 Nc5 7. Bc2 a5 8. Nge2 Nf6 9. O-O O-O 10. Rb1 Bd7 11. b3 Ne8 12. a3 f5 13. exf5 gxf5 14. f4 e4 15. Be3 Nf6 16. h3 Qe8 17. Nd4 c6 18. b4 axb4 19. axb4 Nd3 20. dxc6 bxc6 21. Bxd3 exd3 22. Qxd3 Qg6 23. b5 c5 24. Nc6 Rae8 25. Rf3 Ne4 26. Nd5 Kh8 27. Kh2 Qh6 28. Qc2 Qg6 29. Bc1 Qf7 30. Bb2 Be6 31. Ne3 Qd7 32. Rd1 Qf7 33. Nf1 Rg8 34. Ng3 Bxb2 35. Qxb2+ Rg7 36. Nxe4 fxe4 37. Rg3 Reg8 38. Rf1 Bxc4 39. Rf2 Bd5 40. Qa1 h5 41. Rg5 Kh7 42. Ra2 Qxf4+ 0-1

[Event "EWIBCC 2019"]
[Site "Monte-Carlo"]
[Date "2019.11.29"]
[Round "2.6"]
[White "Michna, Marta"]
[Black "Rogule, Laura"]
[Result "1/2-1/2"]
[ECO "A00"]
[WhiteElo "2366"]
[BlackElo "2293"]
[Annotator "ChessBase"]
[PlyCount "81"]
[EventDate "2019.11.29"]
[EventType "swiss"]
[EventCountry "MNC"]
[SourceTitle "playchess.com"]
[Source "ChessBase"]
[SourceQuality "1"]
[TimeControl "180+2"]

1. Nf3 d5 2. d3 Nf6 3. Nbd2 Nbd7 4. g3 c6 5. Bg2 e5 6. e4 dxe4 7. dxe4 Bc5 8. O-O O-O 9. c3 a5 10. a4 Qc7 11. Qc2 Rd8 12. Nc4 b6 13. Rd1 Ba6 14. Ne3 Bf8 15. Nd2 Nc5 16. Ndc4 Rxd1+ 17. Qxd1 Rd8 18. Qc2 g6 19. Bd2 Bh6 20. Be1 Nd3 21. Rd1 Nxe1 22. Rxe1 b5 23. Na3 Rd7 24. Bh3 Rd6 25. Bf1 Qb7 26. Rd1 Rxd1 27. Qxd1 Bxe3 28. fxe3 Nxe4 29. Qd8+ Kg7 30. Bg2 Qa7 31. Nc2 Nc5 32. axb5 Bxb5 33. Qd6 Nd3 34. Bf1 e4 35. Nd4 Nxb2 36. Qe5+ Kg8 37. Qe8+ Kg7 38. Qe5+ Kg8 39. Qe8+ Kg7 40. Qe5+ Kg8 41. Qe8+ 1/2-1/2

[Event "EWIBCC 2019"]
[Site "Monte-Carlo"]
[Date "2019.11.29"]
[Round "2.8"]
[White "Bodnaruk, Anastasia"]
[Black "Skuhala, Barbara"]
[Result "1/2-1/2"]
[ECO "B90"]
[WhiteElo "2412"]
[BlackElo "2109"]
[Annotator "ChessBase"]
[PlyCount "124"]
[EventDate "2019.11.29"]
[EventType "swiss"]
[EventCountry "MNC"]
[SourceTitle "playchess.com"]
[Source "ChessBase"]
[SourceQuality "1"]
[TimeControl "180+2"]

1. e4 c5 2. Nf3 d6 3. d4 cxd4 4. Nxd4 Nf6 5. Nc3 a6 6. h3 e5 7. Nde2 Be7 8. g4 Be6 9. Bg2 Nc6 10. Be3 Rc8 11. O-O O-O 12. Nd5 Bxd5 13. exd5 Nb8 14. Ng3 Re8 15. Nf5 Bf8 16. g5 Nfd7 17. c3 g6 18. Ng3 f5 19. gxf6 Qxf6 20. Ne4 Qg7 21. h4 Nf6 22. Nxf6+ Qxf6 23. Bh3 Rc7 24. Qg4 Nd7 25. f4 Qg7 26. f5 Nf6 27. Qg2 gxf5 28. Rxf5 Qxg2+ 29. Bxg2 Bg7 30. Raf1 Rf7 31. Bg5 Ref8 32. c4 Ne8 33. Be4 Rxf5 34. Bxf5 Kh8 35. Be7 Rf7 36. Bd8 Bf6 37. Be6 Rg7+ 38. Kh2 Rg6 39. Bf7 Rh6 40. Bxe8 Bxd8 41. h5 Rf6 42. Rxf6 Bxf6 43. Bd7 b6 44. b4 a5 45. a3 axb4 46. axb4 Bg5 47. Kg3 Be3 48. Kg4 Kg7 49. Kf5 Kf7 50. Be6+ Ke7 51. Bg8 h6 52. Be6 Bd2 53. c5 dxc5 54. bxc5 bxc5 55. Kxe5 c4 56. d6+ Kd8 57. Bxc4 Bg5 58. Bb5 Bd2 59. Ke6 Bc1 60. Kd5 Bg5 61. Ke6 Bc1 62. d7 Bg5 1/2-1/2

[Event "EWIBCC 2019"]
[Site "Monte-Carlo"]
[Date "2019.11.29"]
[Round "2.11"]
[White "Bulmaga, Irina"]
[Black "Muetsch, Annmarie"]
[Result "1-0"]
[ECO "B85"]
[WhiteElo "2435"]
[BlackElo "2240"]
[Annotator "ChessBase"]
[PlyCount "53"]
[EventDate "2019.11.29"]
[EventType "swiss"]
[EventCountry "MNC"]
[SourceTitle "playchess.com"]
[Source "ChessBase"]
[SourceQuality "1"]
[TimeControl "180+2"]

1. e4 c5 2. Nf3 e6 3. d4 cxd4 4. Nxd4 Nc6 5. Nc3 Qc7 6. Be2 a6 7. Be3 Nf6 8. O-O Be7 9. f4 d6 10. Kh1 O-O 11. Qe1 Nxd4 12. Bxd4 b5 13. Qg3 b4 14. e5 Ne8 15. exd6 Bxd6 16. Ne4 Be7 17. Bd3 Bb7 18. Be5 Qa5 19. f5 exf5 20. Rxf5 Qb6 21. Raf1 Rd8 22. Bc7 Qe6 23. Bxd8 Bxd8 24. Ng5 Bxg5 25. Qxg5 g6 26. R5f4 Qd6 27. Bc4 1-0

[Event "EWIBCC 2019"]
[Site "Monte-Carlo"]
[Date "2019.11.29"]
[Round "2.12"]
[White "Paasikangas-Tella, Johanna"]
[Black "Babiy, Olga"]
[Result "1-0"]
[ECO "D27"]
[WhiteElo "2177"]
[BlackElo "2249"]
[Annotator "NA"]
[PlyCount "54"]
[EventDate "2019.11.29"]
[EventType "swiss"]
[EventCountry "MNC"]
[SourceTitle "playchess.com"]
[Source "ChessBase"]
[SourceQuality "1"]
[TimeControl "180+2"]

1. d4 d5 2. c4 dxc4 3. e3 Nf6 4. Bxc4 e6 5. Nf3 a6 6. O-O c5 7. a4 Nc6 8. Nc3 Be7 9. Re1 O-O 10. Bf1 Qc7 11. Qb3 Rd8 12. dxc5 Bxc5 13. h3 e5 14. e4 Be6 15. Qc2 Nb4 16. Qb1 Bb3 17. Re2 Nh5 18. Ne1 Ng3 19. Rd2 Qb6 20. Nd3 Nxf1 21. Nxc5 Nxd2 22. Bxd2 Rxd2 23. Qc1 Rad8 24. Nd5 R8xd5 25. exd5 Rd1+ 26. Qxd1 Bxd1 27. Rxd1 Qxc5 1-0

[Event "EWIBCC 2019"]
[Site "Monte-Carlo"]
[Date "2019.11.29"]
[Round "2.13"]
[White "Reizniece-Ozola, Dana"]
[Black "Leconte, Maria"]
[Result "1-0"]
[ECO "A25"]
[WhiteElo "2305"]
[BlackElo "2255"]
[Annotator "NA"]
[PlyCount "79"]
[EventDate "2019.11.29"]
[EventType "swiss"]
[EventCountry "MNC"]
[SourceTitle "playchess.com"]
[Source "ChessBase"]
[SourceQuality "1"]
[TimeControl "180+2"]

1. c4 e5 2. Nc3 Nc6 3. g3 f5 4. Bg2 Nf6 5. e3 d6 6. Nge2 g6 7. O-O Bg7 8. d3 O-O 9. Rb1 a5 10. b3 Ne7 11. Bb2 c6 12. Qd2 g5 13. f4 gxf4 14. exf4 Ng6 15. Kh1 Qb6 16. Na4 Qc7 17. c5 Nd5 18. cxd6 Qxd6 19. fxe5 Nxe5 20. Nf4 b5 21. Nxd5 cxd5 22. Nc3 Bb7 23. Nxb5 Qb6 24. a4 Ng4 25. Bxg7 Kxg7 26. d4 Rae8 27. Rbe1 Re4 28. Qg5+ Qg6 29. Qxg6+ hxg6 30. Nd6 Rxe1 31. Rxe1 Bc6 32. Rc1 Ba8 33. Rc5 Ne3 34. Rxa5 Nc2 35. Bxd5 Bxd5+ 36. Rxd5 Rb8 37. Nb5 Re8 38. Re5 Rc8 39. Rc5 Re8 40. Rxc2 1-0

[Event "EWIBCC 2019"]
[Site "Monte-Carlo"]
[Date "2019.11.29"]
[Round "2.14"]
[White "Savina, Anastasia"]
[Black "Socko, Monika"]
[Result "0-1"]
[ECO "E49"]
[WhiteElo "2354"]
[BlackElo "2417"]
[Annotator "ChessBase"]
[PlyCount "136"]
[EventDate "2019.11.29"]
[EventType "swiss"]
[EventCountry "MNC"]
[SourceTitle "playchess.com"]
[Source "ChessBase"]
[SourceQuality "1"]
[TimeControl "180+2"]

1. d4 Nf6 2. c4 e6 3. Nc3 Bb4 4. a3 Bxc3+ 5. bxc3 O-O 6. f3 d5 7. e3 b6 8. cxd5 exd5 9. Bd3 Ba6 10. Ne2 c5 11. Bxa6 Nxa6 12. O-O Re8 13. Ng3 Nc7 14. a4 Rc8 15. Qd3 Qd7 16. Bd2 Ne6 17. Rfb1 cxd4 18. cxd4 Rc4 19. a5 b5 20. a6 Rb8 21. Bb4 Rb6 22. Nf1 Qc8 23. Nd2 Rcc6 24. Nb3 Rxa6 25. Rxa6 Qxa6 26. Ra1 Qb6 27. Bc5 Nxc5 28. Nxc5 a5 29. Qf5 a4 30. g4 h6 31. h4 Qa5 32. g5 Qc3 33. Rb1 Qxe3+ 34. Kg2 Qxd4 35. Rxb5 g6 36. Rb8+ Kh7 37. Qd3 Qxc5 38. gxf6 Qc2+ 39. Qxc2 Rxc2+ 40. Kg3 Rc6 41. Ra8 Rxf6 42. Rxa4 Rd6 43. Rd4 Kg7 44. Kf4 Kf6 45. Ke3 Ke6 46. Ra4 f5 47. Kd4 Rc6 48. Ra8 Rc4+ 49. Ke3 Rxh4 50. Ra6+ Kf7 51. Ra7+ Kf6 52. Ra6+ Kg5 53. Rd6 d4+ 54. Kf2 Rh2+ 55. Kg3 Rd2 56. f4+ Kh5 57. Kf3 g5 58. Rd5 g4+ 59. Kg3 Rd3+ 60. Kg2 Kh4 61. Rxf5 Rd2+ 62. Kf1 Kg3 63. Rh5 Kxf4 64. Rxh6 Kg3 65. Rg6 Rf2+ 66. Kg1 Rc2 67. Kf1 d3 68. Rd6 Rc1# 0-1

[Event "EWIBCC 2019"]
[Site "Monte-Carlo"]
[Date "2019.11.29"]
[Round "2.16"]
[White "Berzina, Ilze"]
[Black "Daulyte-Cornette, Deimante"]
[Result "0-1"]
[ECO "B03"]
[WhiteElo "2211"]
[BlackElo "2405"]
[Annotator "ChessBase"]
[PlyCount "88"]
[EventDate "2019.11.29"]
[EventType "swiss"]
[EventCountry "MNC"]
[SourceTitle "playchess.com"]
[Source "ChessBase"]
[SourceQuality "1"]
[TimeControl "180+2"]

1. e4 Nf6 2. e5 Nd5 3. d4 d6 4. c4 Nb6 5. exd6 cxd6 6. Nc3 g6 7. Be3 Bg7 8. Rc1 O-O 9. Be2 d5 10. c5 Nc4 11. Bxc4 dxc4 12. Nf3 Nc6 13. O-O Bg4 14. h3 Bxf3 15. Qxf3 Nxd4 16. Bxd4 Qxd4 17. Qxb7 Qxc5 18. Ne4 Qd4 19. Rfd1 Qxb2 20. Qxe7 Rae8 21. Qh4 Qxa2 22. Rxc4 Qe2 23. Rdc1 a5 24. Nf6+ Bxf6 25. Qxf6 Re6 26. Qg5 Rfe8 27. Qxa5 Rf6 28. Qc5 Re5 29. Qd4 Ref5 30. Rc8+ Kg7 31. f3 Rg5 32. Qf2 Qe6 33. Rd8 Qxh3 34. Rcc8 Qh5 35. Rg8+ Kh6 36. g4 Qh3 37. Qg2 Qxg2+ 38. Kxg2 Rd5 39. Kg3 Rd3 40. Kh4 g5+ 41. Rxg5 Rfxf3 42. Rh5+ Kg7 43. Rg5+ Kf6 44. Rgc5 Rh3# 0-1

[Event "EWIBCC 2019"]
[Site "Monte-Carlo"]
[Date "2019.11.29"]
[Round "2.17"]
[White "Berend, Elvira"]
[Black "Gaprindashvili, Nona"]
[Result "1-0"]
[ECO "A44"]
[WhiteElo "2349"]
[BlackElo "2275"]
[Annotator "NA"]
[PlyCount "77"]
[EventDate "2019.11.29"]
[EventType "swiss"]
[EventCountry "MNC"]
[SourceTitle "playchess.com"]
[Source "ChessBase"]
[SourceQuality "1"]
[TimeControl "180+2"]

1. d4 c5 2. d5 e5 3. c4 d6 4. e4 g6 5. Nc3 Nh6 6. Bd3 Bg7 7. Nge2 f5 8. f4 Qh4+ 9. g3 Qh5 10. fxe5 dxe5 11. Nb5 Kd8 12. Nd6 Rf8 13. Be3 Bd7 14. Nxb7+ Kc7 15. Nxc5 Ng4 16. Bg1 f4 17. Qb3 Bc8 18. d6+ Kd8 19. Nb7+ Ke8 20. O-O-O f3 21. Nc5 Nd7 22. Ne6 f2 23. Nxg7+ Kd8 24. Nxh5 gxh5 25. Nc3 Rb8 26. Qa3 fxg1=Q 27. Rhxg1 Nf2 28. Qa5+ Ke8 29. Nd5 Nxd1 30. Nc7+ Kf7 31. Qd5+ Kg7 32. Rxd1 Rf2 33. Ne6+ Kh6 34. b3 Nf6 35. Qxe5 Bxe6 36. Qxe6 Rxa2 37. Bc2 Ra1+ 38. Kb2 Rxd1 39. Qxf6# 1-0

[Event "EWIBCC 2019"]
[Site "Monte-Carlo"]
[Date "2019.11.29"]
[Round "2.18"]
[White "Zvereva, Marija"]
[Black "Benmesbah, Natacha"]
[Result "0-1"]
[ECO "B30"]
[WhiteElo "2154"]
[BlackElo "2265"]
[Annotator "ChessBase"]
[PlyCount "85"]
[EventDate "2019.11.29"]
[EventType "swiss"]
[EventCountry "MNC"]
[SourceTitle "playchess.com"]
[Source "ChessBase"]
[SourceQuality "1"]
[TimeControl "180+2"]

1. e4 c5 2. Nf3 Nc6 3. Bb5 g6 4. Nc3 Bg7 5. d3 Nf6 6. Be3 d6 7. h3 Bd7 8. Qd2 O-O 9. a4 e6 10. Bh6 d5 11. e5 Ne8 12. Bg5 Qc7 13. Bxc6 Bxc6 14. d4 cxd4 15. Qxd4 f6 16. exf6 Nxf6 17. Qe3 Rae8 18. Ne5 Ne4 19. Nxc6 Bxc3+ 20. bxc3 Qxc6 21. O-O Qxc3 22. Qxc3 Nxc3 23. Ra3 Ne4 24. Be3 b6 25. a5 bxa5 26. Rxa5 Rf7 27. Rxa7 Rxa7 28. Bxa7 Rc8 29. Rc1 Rc4 30. f3 Nc3 31. Kf1 Nb5 32. Bb6 Na3 33. c3 Nb5 34. Ba5 d4 35. Rb1 Nxc3 36. Rb8+ Kg7 37. Ke1 Nd5 38. Kd2 Ra4 39. Bd8 Ra2+ 40. Kd3 e5 41. Rb7+ Kh6 42. h4 Nf4+ 43. Ke4 0-1

[Event "EWIBCC 2019"]
[Site "Monte-Carlo"]
[Date "2019.11.29"]
[Round "2.19"]
[White "Mkrtchian, Lilit"]
[Black "Semenova, Elena"]
[Result "1/2-1/2"]
[ECO "A18"]
[WhiteElo "2402"]
[BlackElo "2282"]
[Annotator "ChessBase"]
[PlyCount "71"]
[EventDate "2019.11.29"]
[EventType "swiss"]
[EventCountry "MNC"]
[SourceTitle "playchess.com"]
[Source "ChessBase"]
[SourceQuality "1"]
[TimeControl "180+2"]

1. c4 Nf6 2. Nc3 e6 3. e4 d5 4. e5 d4 5. exf6 dxc3 6. bxc3 Qxf6 7. Nf3 b6 8. d4 h6 9. Be2 Bb7 10. O-O Bd6 11. Rb1 Be4 12. Bd3 Bxd3 13. Qxd3 O-O 14. Qe4 Nd7 15. Be3 Rad8 16. h3 Rfe8 17. Rfe1 Qf5 18. Qxf5 exf5 19. Bd2 Re4 20. Kf1 Rde8 21. a4 Nb8 22. Rb5 g6 23. Bxh6 Nc6 24. Rxe4 fxe4 25. Nd2 a6 26. Rb1 f5 27. g3 Kf7 28. h4 Na5 29. Be3 Kf6 30. Ke2 Rf8 31. Rh1 Rh8 32. Bg5+ Ke6 33. Be3 Kf6 34. Bg5+ Ke6 35. Be3 Kf6 36. Bg5+ {[%emt 0:00:11] Ke5} 1/2-1/2

[Event "EWIBCC 2019"]
[Site "Monte-Carlo"]
[Date "2019.11.29"]
[Round "2.20"]
[White "Chigaeva, Anastasia"]
[Black "Worek, Joanna"]
[Result "0-1"]
[ECO "A57"]
[WhiteElo "2156"]
[BlackElo "2316"]
[Annotator "NA"]
[PlyCount "71"]
[EventDate "2019.11.29"]
[EventType "swiss"]
[EventCountry "MNC"]
[SourceTitle "playchess.com"]
[Source "ChessBase"]
[SourceQuality "1"]
[TimeControl "180+2"]

1. d4 Nf6 2. c4 c5 3. d5 b5 4. Qc2 e6 5. e4 exd5 6. cxd5 Qb6 7. Nf3 d6 8. Be2 Be7 9. O-O O-O 10. a4 b4 11. Nbd2 Ba6 12. Bc4 Re8 13. b3 Bf8 14. Bb2 Nbd7 15. Rfe1 Ng4 16. h3 Nge5 17. Nxe5 Nxe5 18. f4 Ng6 19. Rf1 Bxc4 20. Nxc4 Qd8 21. Rae1 Qh4 22. Qf2 Qxf2+ 23. Rxf2 f6 24. g3 Nh8 25. e5 fxe5 26. fxe5 dxe5 27. Rxe5 Rxe5 28. Nxe5 Rd8 29. Rd2 Bd6 30. Nc6 Re8 31. Kf2 a6 32. Kg2 Nf7 33. Kf2 Ng5 34. Kg2 Re3 35. h4 Ne4 36. Rd1 0-1

[Event "EWIBCC 2019"]
[Site "Monte-Carlo"]
[Date "2019.11.29"]
[Round "3.2"]
[White "Babiy, Olga"]
[Black "Sebag, Marie"]
[Result "0-1"]
[ECO "B31"]
[WhiteElo "2249"]
[BlackElo "2443"]
[Annotator "NA"]
[PlyCount "110"]
[EventDate "2019.11.29"]
[EventType "swiss"]
[EventCountry "MNC"]
[SourceTitle "playchess.com"]
[Source "ChessBase"]
[SourceQuality "1"]
[TimeControl "180+2"]

1. e4 c5 2. Be2 Nf6 3. d3 Nc6 4. f4 d6 5. Nf3 g6 6. O-O Bg7 7. Qe1 O-O 8. Qh4 e6 9. c3 Rb8 10. g4 Nd7 11. g5 f5 12. gxf6 Nxf6 13. Ng5 h6 14. Nf3 Nh5 15. Qg4 Nxf4 16. Bxf4 e5 17. Qxg6 Rxf4 18. Nfd2 Qg5+ 19. Qxg5 hxg5 20. Nc4 Bf8 21. a4 Bh3 22. Rxf4 gxf4 23. Nbd2 Be7 24. Nf3 Kf7 25. Kf2 Rh8 26. Rg1 Be6 27. Ncd2 a6 28. Bd1 Na5 29. b4 cxb4 30. cxb4 Nc6 31. b5 axb5 32. axb5 Na5 33. Rg2 Bd8 34. Rg1 Bb6+ 35. d4 exd4 36. Ng5+ Ke7 37. Nxe6 Kxe6 38. Rg6+ Ke7 39. Kg2 d3 40. Bg4 Be3 41. Nf1 Nc4 42. Re6+ Kf7 43. e5 Rg8 44. Kf3 Rxg4 45. Rf6+ Ke7 46. Kxg4 Nxe5+ 47. Kf5 d2 48. Re6+ Kd7 49. Nxd2 Bxd2 50. h4 f3 51. Rf6 f2 52. Ke4 Ng4 53. Rf5 Ke6 54. h5 d5+ 55. Kd3 Kxf5 0-1

[Event "EWIBCC 2019"]
[Site "Monte-Carlo"]
[Date "2019.11.29"]
[Round "3.4"]
[White "Gaponenko, Inna"]
[Black "Socko, Monika"]
[Result "1-0"]
[ECO "B14"]
[WhiteElo "2427"]
[BlackElo "2417"]
[Annotator "NA"]
[PlyCount "67"]
[EventDate "2019.11.29"]
[EventType "swiss"]
[EventCountry "MNC"]
[SourceTitle "playchess.com"]
[Source "ChessBase"]
[SourceQuality "1"]
[TimeControl "180+2"]

1. e4 c6 2. d4 d5 3. exd5 cxd5 4. c4 Nf6 5. Nc3 e6 6. Nf3 Bb4 7. cxd5 exd5 8. Bb5+ Bd7 9. Qe2+ Qe7 10. O-O Qxe2 11. Bxe2 O-O 12. Ne5 Bf5 13. Nb5 Nc6 14. Bg5 Nxe5 15. dxe5 Ne4 16. Be3 a6 17. Nc7 Rad8 18. Rfd1 Be6 19. Rac1 h6 20. f3 Ng5 21. h4 Nh7 22. f4 Ba5 23. Bf3 Bxc7 24. Rxc7 Rc8 25. Rxb7 Rfd8 26. Bb6 Rf8 27. Bxd5 Bg4 28. Rd2 g5 29. hxg5 hxg5 30. Be3 gxf4 31. Bxf4 Kg7 32. Bb3 Kg6 33. Kh2 Kf5 34. Kg3 1-0

[Event "EWIBCC 2019"]
[Site "Monte-Carlo"]
[Date "2019.11.29"]
[Round "3.5"]
[White "Paehtz, Elisabeth"]
[Black "Daulyte-Cornette, Deimante"]
[Result "1-0"]
[ECO "A47"]
[WhiteElo "2484"]
[BlackElo "2405"]
[Annotator "RC"]
[PlyCount "55"]
[EventDate "2019.11.29"]
[EventType "swiss"]
[EventCountry "MNC"]
[SourceTitle "playchess.com"]
[Source "ChessBase"]
[SourceQuality "1"]
[TimeControl "180+2"]

1. d4 Nf6 2. Nf3 b6 3. Bf4 Bb7 4. c3 d6 5. Nbd2 Nh5 6. Bg5 h6 7. Bh4 g5 8. Bg3 f5 9. e3 Nxg3 10. hxg3 Bg7 11. Nxg5 hxg5 12. Rxh8+ Bxh8 13. Qh5+ Kd7 14. g4 fxg4 15. Be2 c5 16. Bxg4+ Kc7 17. Bf3 Nd7 18. Bxb7 Kxb7 19. Qxg5 Bf6 20. Qd5+ Kc7 21. O-O-O Qg8 22. Qf3 Qxa2 23. Qxa8 cxd4 24. exd4 Qa1+ 25. Kc2 Qa4+ 26. Nb3 b5 27. Ra1 Qc4 28. Rxa7+ 1-0

[Event "EWIBCC 2019"]
[Site "Monte-Carlo"]
[Date "2019.11.29"]
[Round "3.8"]
[White "Worek, Joanna"]
[Black "Michna, Marta"]
[Result "0-1"]
[ECO "C01"]
[WhiteElo "2316"]
[BlackElo "2366"]
[Annotator "NA"]
[PlyCount "124"]
[EventDate "2019.11.29"]
[EventType "swiss"]
[EventCountry "MNC"]
[SourceTitle "playchess.com"]
[Source "ChessBase"]
[SourceQuality "1"]
[TimeControl "180+2"]

1. e4 e6 2. d4 d5 3. exd5 exd5 4. c4 Nc6 5. c5 Nf6 6. Nc3 g6 7. Bb5 Bg7 8. Nge2 O-O 9. O-O Bd7 10. a3 Ne7 11. Bd3 c6 12. b4 Bf5 13. Bg5 h6 14. Bh4 Qd7 15. Re1 Rfe8 16. a4 Bxd3 17. Qxd3 Nf5 18. Bg3 Ne4 19. b5 Nxc3 20. Qxc3 Re4 21. bxc6 bxc6 22. Be5 Bxe5 23. dxe5 Rc4 24. Qa3 Qe7 25. Ng3 Nxg3 26. hxg3 Qxc5 27. Qd3 Re8 28. e6 f5 29. Qd2 Kh7 30. Qb2 Re7 31. Qf6 Re4 32. Rxe4 fxe4 33. Rb1 Rg7 34. Rb8 Qe7 35. Qe5 e3 36. Qxe3 c5 37. a5 d4 38. Qe4 Qc7 39. Re8 c4 40. e7 c3 41. Rh8+ Kxh8 42. e8=Q+ Kh7 43. Qxd4 c2 44. Qde4 c1=Q+ 45. Kh2 Qg5 46. a6 Qh5+ 47. Kg1 Qc1+ 48. Qe1 Qxe1+ 49. Qxe1 Qb5 50. Qe6 Qb6 51. Qc4 Qf6 52. g4 Rf7 53. Qc5 Qb6 54. Qd5 Qxf2+ 55. Kh1 Qf1+ 56. Kh2 Qf6 57. Qb5 Rg7 58. Qc4 Qb6 59. Kh3 Qd6 60. Qb5 Rd7 61. g3 Qe6 62. Qa5 h5 0-1

[Event "EWIBCC 2019"]
[Site "Monte-Carlo"]
[Date "2019.11.29"]
[Round "3.10"]
[White "Rogule, Laura"]
[Black "Bodnaruk, Anastasia"]
[Result "0-1"]
[ECO "A26"]
[WhiteElo "2293"]
[BlackElo "2412"]
[Annotator "NA"]
[PlyCount "42"]
[EventDate "2019.11.29"]
[EventType "swiss"]
[EventCountry "MNC"]
[SourceTitle "playchess.com"]
[Source "ChessBase"]
[SourceQuality "1"]
[TimeControl "180+2"]

1. c4 e5 2. Nc3 d6 3. g3 Nc6 4. Bg2 g6 5. e4 Bg7 6. Nge2 f5 7. d3 Nf6 8. h3 O-O 9. Be3 Be6 10. Qd2 fxe4 11. Nxe4 Nxe4 12. Bxe4 d5 13. cxd5 Bxd5 14. O-O Qd7 15. Kh2 Rad8 16. Rfd1 Bxe4 17. dxe4 Qxd2 18. Rxd2 Rxd2 19. Bxd2 Rxf2+ 20. Kg1 Rxe2 21. Bc3 Nd4 0-1

[Event "EWIBCC 2019"]
[Site "Monte-Carlo"]
[Date "2019.11.29"]
[Round "3.13"]
[White "Ovod, Evgenija"]
[Black "Mkrtchian, Lilit"]
[Result "1/2-1/2"]
[ECO "C06"]
[WhiteElo "2347"]
[BlackElo "2402"]
[Annotator "NA"]
[PlyCount "78"]
[EventDate "2019.11.29"]
[EventType "swiss"]
[EventCountry "MNC"]
[SourceTitle "playchess.com"]
[Source "ChessBase"]
[SourceQuality "1"]
[TimeControl "180+2"]

1. e4 e6 2. d4 d5 3. Nd2 Be7 4. Ngf3 Nf6 5. e5 Nfd7 6. Bd3 c5 7. c3 Nc6 8. O-O a5 9. Re1 cxd4 10. cxd4 Qb6 11. Qa4 g5 12. Nb3 g4 13. Nfd2 Qb4 14. Qxb4 Nxb4 15. Bb5 Nc2 16. Re2 a4 17. Rb1 axb3 18. Nxb3 Nb4 19. a3 Nc6 20. Be3 Nb6 21. Rc1 Bd7 22. Nc5 Bxc5 23. Rxc5 h5 24. Rec2 f6 25. exf6 Kf7 26. Bxc6 Bxc6 27. Bg5 Nd7 28. R5c3 Rhg8 29. Bh4 Nxf6 30. Bxf6 Kxf6 31. g3 Rgc8 32. Re3 Bd7 33. Rce2 Rc1+ 34. Kg2 Re8 35. Re5 Bb5 36. R2e3 Bf1+ 37. Kg1 Be2+ 38. Kg2 Bf3+ 39. Rxf3+ gxf3+ 1/2-1/2

[Event "EWIBCC 2019"]
[Site "Monte-Carlo"]
[Date "2019.11.29"]
[Round "3.14"]
[White "Semenova, Elena"]
[Black "Osmak, Iulija"]
[Result "0-1"]
[ECO "B00"]
[WhiteElo "2282"]
[BlackElo "2401"]
[Annotator "ChessBase"]
[PlyCount "94"]
[EventDate "2019.11.29"]
[EventType "swiss"]
[EventCountry "MNC"]
[SourceTitle "playchess.com"]
[Source "ChessBase"]
[SourceQuality "1"]
[TimeControl "180+2"]

1. e4 Nc6 2. Nf3 d6 3. d4 Bg4 4. Bb5 a6 5. Ba4 b5 6. Bb3 Nf6 7. h3 Bh5 8. g4 Bg6 9. Nc3 e6 10. d5 exd5 11. exd5 Na5 12. Nd4 Be7 13. h4 h6 14. h5 Bh7 15. Be3 Qd7 16. f3 O-O 17. Qd2 Nxb3 18. Nxb3 c5 19. dxc6 Qxc6 20. O-O-O Qxf3 21. g5 Ng4 22. Nd5 Bxg5 23. Bxg5 hxg5 24. Rhf1 Qe4 25. Rde1 Qc4 26. Ne7+ Kh8 27. Kb1 Rae8 28. Nd4 Ne5 29. Nef5 f6 30. h6 Bxf5 31. Nxf5 Rd8 32. hxg7+ Kg8 33. gxf8=Q+ Kxf8 34. Nd4 Ke7 35. Qf2 Rf8 36. b3 Qc3 37. Qe3 Qc7 38. Nf5+ Ke6 39. Qe4 d5 40. Nd4+ Kd6 41. Qf5 Qe7 42. Rxe5 Qxe5 43. Qxe5+ Kxe5 44. Nc6+ Kd6 45. Nd4 Ke5 46. Nc6+ Kd6 47. Nd4 Ke5 0-1

[Event "EWIBCC 2019"]
[Site "Monte-Carlo"]
[Date "2019.11.29"]
[Round "3.16"]
[White "Janzelj, Lara"]
[Black "Buksa, Nataliya"]
[Result "0-1"]
[ECO "D36"]
[WhiteElo "2158"]
[BlackElo "2410"]
[Annotator "ChessBase"]
[PlyCount "112"]
[EventDate "2019.11.29"]
[EventType "swiss"]
[EventCountry "MNC"]
[SourceTitle "playchess.com"]
[Source "ChessBase"]
[SourceQuality "1"]
[TimeControl "180+2"]

1. d4 d5 2. c4 e6 3. Nc3 Nf6 4. cxd5 exd5 5. Bg5 c6 6. e3 Nbd7 7. Qc2 Be7 8. Bd3 Nh5 9. Bxe7 Qxe7 10. Nge2 g6 11. O-O-O Nb6 12. Kb1 Be6 13. h3 O-O-O 14. g4 Ng7 15. Nf4 Kb8 16. Na4 Nxa4 17. Qxa4 Bc8 18. Rc1 h5 19. gxh5 Nxh5 20. Ne2 Nf6 21. Qb3 Ne4 22. Bxe4 Qxe4+ 23. Ka1 Bxh3 24. Nc3 Qd3 25. Rhd1 Qc4 26. Qa3 Bg4 27. Rg1 Bc8 28. Na4 Qb5 29. Rc3 Rh2 30. Qe7 Rdh8 31. Nc5 Rxf2 32. Qe5+ Ka8 33. Rb1 Rxb2 34. Rcc1 Rhh2 35. Qxh2 Rxh2 36. Rxb5 cxb5 37. Nd3 Kb8 38. Ne5 Be6 39. e4 a6 40. exd5 Bxd5 41. Nd7+ Ka7 42. Rc7 Rxa2+ 43. Kb1 Ra4 44. Nc5 Rb4+ 45. Ka1 g5 46. Rd7 Bc6 47. Rxf7 Rxd4 48. Rg7 g4 49. Ne6 Rd6 50. Nf4 Bf3 51. Kb2 Kb6 52. Kc3 a5 53. Nd3 b4+ 54. Nxb4 axb4+ 55. Kxb4 Rd1 56. Kc3 Rg1 0-1